 Dungeon Crawl Stone Soup version 0.31.0-12-g77e489cdc1 (webtiles) character file.

Game seed: 10215714315607077685

13479 jasper the Nimble (level 11, 0/71 HPs)
             Began as a Deep Elf Alchemist on Feb 29, 2024.
             Was the Champion of Jiyva.
             Constricted to death by a naga simulacrum (5 damage)
             ... on level 1 of the Lair of Beasts.
             The game lasted 00:19:30 (9522 turns).

jasper the Nimble (Deep Elf Alchemist)              Turns: 9522, Time: 00:19:32

Health: 0/71       AC: 10    Str:  5    XL:     11   Next: 76%
Magic:  17/23      EV: 18    Int: 31    God:    Jiyva [******]
Gold:   11         SH:  0    Dex: 19    Spells: 2/24 levels left

rFire   . . .        t - +7 trident of Plunder {freeze, rC+ rCorr Int+6}
rCold   + + .        (no shield)
rNeg    . . .        r - +1 robe {rC+}
rPois   .            (helmet unavailable)
rElec   .            x - +0 cloak
rCorr   +            h - +1 pair of gloves
SInv    .            (boots unavailable)
Will    +....        g - amulet of the acrobat
Stlth   +++++        e - ring of wizardry
HPRegen 1.91/turn    A - +4 ring of protection
MPRegen 0.98/turn

%: acrobat, wizardry (x1)
@: constricted
A: horns 3, talons 3, thin skeletal structure 2, MP-powered wands
a: Renounce Religion, Oozemancy, Slimify


You were on level 1 of the Lair of Beasts.
You worshipped Jiyva.
Jiyva was exalted by your worship.
You visited 4 branches of the dungeon, and saw 14 of its levels.

You collected 323 gold pieces.
You spent 312 gold pieces at shops.

Inventory:

Hand Weapons
 c - a +0 short sword of protection
 q - a +0 hammer of protection
 t - the +7 trident of Plunder (weapon) {freeze, rC+ rCorr Int+6}
   (You found it on level 4 of the Dungeon)

   Int+6:     It affects your intelligence (+6).
   rC+:       It protects you from cold.
   rCorr:     It protects you from acid and corrosion.
 C - a +0 demon whip of venom
Missiles
 i - 68 stones
Armour
 a - a +0 robe
 h - a +1 pair of gloves (worn)
 l - a scarf of invisibility
 o - a +0 pair of boots
 r - a +1 robe of cold resistance (worn)
 x - a +0 cloak (worn)
Magical Staves
 k - a staff of air
Jewellery
 e - a ring of wizardry (left hand)
 g - an amulet of the acrobat (around neck)
 s - the ring of Lady Luck {rPois MP+9 Stlth+}
   (You bought it in a shop on level 11 of the Dungeon)

   [ring of magical power]

   rPois:     It protects you from poison MP+9: It affects your magic capacity
   (+9).
   Stlth+:    It makes you more stealthy.
 v - a +6 ring of dexterity
 y - a ring of willpower
 A - a +4 ring of protection (right hand)
 D - a ring of protection from cold
 F - a ring of see invisible
Wands
 w - a wand of paralysis (10)
 B - a wand of flame (16)
Scrolls
 d - 2 scrolls of fear
 p - a scroll of blinking
 G - a scroll of teleportation
Potions
 b - 3 potions of magic
 f - 2 potions of attraction
 j - a potion of enlightenment
 m - a potion of ambrosia
 n - 3 potions of curing
 u - a potion of mutation
 z - a potion of degeneration
 E - a potion of lignification {unknown}


   Skills:
 - Level 9.1 Fighting
 - Level 13.0 Dodging
 - Level 3.7 Stealth
 - Level 7.0 Spellcasting
 - Level 5.0 Conjurations
 + Level 7.5 Fire Magic
 + Level 5.4 Air Magic
 - Level 4.0 Alchemy


You had 2 spell levels left.
You knew the following spells:

 Your Spells              Type           Power      Damage    Failure   Level
a - Sting                 Conj/Alch      100%       1d9       1%          1
b - Mephitic Cloud        Conj/Alch/Air  40%        N/A       1%          3
c - Olgreb's Toxic Radia  Alch           35%        N/A       3%          4
d - Sticky Flame          Fire/Alch      46%        2d9       1%          4
e - Fulminant Prism       Conj/Alch      19%        3d10      2%          4
f - Plasma Beam           Fire/Air       25%        2x1d38    19%         6

Your spell library contained the following spells:

 Spells                   Type           Power      Damage    Failure   Level
 Foxfire                  Conj/Fire      100%       2x1d9     1%          1
 Kiss of Death            Conj/Necr      100%       2d13      1%          1
 Magic Dart               Conj           100%       1d8       1%          1
 Slow                     Hex            40%        N/A       1%          1
 Summon Small Mammal      Summ           40%        N/A       1%          1
 Mercury Vapours          Alch/Air       80%        N/A       1%          2
 Searing Ray              Conj           82%        2d7       1%          2
 Summon Blazeheart Golem  Fire/Summ      34%        N/A       4%          4
 Call Canine Familiar     Summ           10%        N/A       5%          3
 Confusing Touch          Hex            10%        N/A       5%          3
 Sigil of Binding         Hex            10%        N/A       5%          3
 Vampiric Draining        Necr           10%        2d6       5%          3
 Summon Lightning Spire   Summ/Air       27%        N/A       6%          4
 Vhi's Electric Charge    Tloc/Air       54%        N/A       6%          4
 Arcjolt                  Conj/Air       21%        1d31      6%          5
 Animate Armour           Summ/Erth      20%        N/A       17%         4
 Dispel Undead            Necr           10%        3d9       17%         4
 Starburst                Conj/Fire      24%        6d8       21%         6
 Lee's Rapid Deconstruct  Erth           5%         3d6*      43%         5
 Summon Forest            Summ/Tloc      5%         N/A       43%         5
 Summon Mana Viper        Hex/Summ       10%        N/A       43%         5
 Summon Cactus Giant      Summ           5%         N/A       92%         6
 Maxwell's Capacitive Co  Air            22%        ∞         100%        8


Dungeon Overview and Level Annotations

Branches:
Dungeon (11/15)            Temple (1/1) D:4            Lair (1/5) D:11
    Orc (1/2) D:10

Altars:
Ashenzari
Cheibriados
Dithmenos
Elyvilon
Fedhas
Gozag
Hepliaklqana
Kikubaaqudgha
Makhleb
Nemelex Xobeh
Okawaru
Qazlal
Ru
Sif Muna
Trog
Uskayaw
Vehumet
Wu Jian
Xom
Yredelemnul
Zin
The Shining One
Jiyva

Shops:
D:5 ?   D:7 *   D:8 [   D:11 (**=

Annotations:
D:2 1 runed translucent door, Crazy Yiuf
D:3 Grinder
D:11 2 transporters


Innate Abilities, Weirdness & Mutations

You have a pair of large horns on your head.
You have claws for feet.
You have a moderately thin skeletal structure. (Dex +4, Stealth++)
You expend magic power (3 MP) to strengthen your wands.


Message History

The ice devil burns!
The ice devil hits you. The ice devil freezes you. You resist.
You barely miss the ice devil.
You headbutt the ice devil, but do no damage.
The ice devil is severely wounded.
The ice devil burns! x2
You kill the ice devil!
You start resting.
HP restored.
You start waiting.
Done waiting.
You climb downwards.
Welcome back to the Lair of Beasts!
The death yak simulacrum gores you! The death yak simulacrum freezes you.
You resist. The naga simulacrum misses you. The naga simulacrum grabs you.
The naga simulacrum constricts you.
There is a staircase back to the Dungeon, spattered with blood here.
Unknown command.
Casting: Sticky Flame (dangerous; 1% risk of failure)
Confirm with . or Enter, or press ? or * to list all spells.
You begin to radiate toxic energy.
The yak is poisoned.
The yak bellows!
The yak is poisoned.
The death yak simulacrum gores you! The death yak simulacrum freezes you!
You resist. The naga simulacrum misses you. The naga simulacrum constricts you.
Unknown command.
Casting: Olgreb's Toxic Radiance (dangerous; 3% risk of failure)
Confirm with . or Enter, or press ? or * to list all spells.
Aiming: Sticky Flame (dangerous; 1% risk of failure)
Press: ? - help, Shift-Dir - straight line, f - death yak simulacrum
Aim: a death yak simulacrum (heavily damaged)
The sticky flame hits the death yak simulacrum.
The death yak simulacrum is heavily damaged.
The yak looks even sicker.
Your toxic aura wanes.
The death yak simulacrum burns!
The death yak simulacrum gores you!
* * * LOW HITPOINT WARNING * * *
The death yak simulacrum freezes you! You resist.
* * * LOW HITPOINT WARNING * * *
The naga simulacrum barely misses you. The naga simulacrum constricts you.
You die...

#..)..........
.............
#......~≈....
#S...~≈≈≈~...
#...~~≈≈≈~Y..
#.....≈≈≈≈≈..
#..Z.≈~~≈~≈.
#...@Z~≈≈≈~.
##.†.~≈≈≈≈~.
####..†≈~≈≈≈≈~.
#.#..##.~≈≈~~..
##..###.#≈≈....
###..##
#########
#P...###.##.
#..#(......#
.....#.......~


You could see a yak (very poisoned), a water moccasin, a death yak simulacrum
(burning) and a naga simulacrum.

Vanquished Creatures
  Erica (D:8)
  2 two-headed ogres (D:11)
  Amaemon (D:8)
  A skeletal warrior (D:11)
  Pikel (D:5)
  A bog body (Lair:1)
  An ugly thing (D:11)
  An orange demon (D:8)
  A freezing wraith (D:11)
  Psyche (D:8)
  3 ice devils
  A hornet (D:11)
  A shadow (D:11)
  17 yaks
  A wraith (D:11)
  3 vampire mosquitoes (D:10)
  A harpy simulacrum (Lair:1)
  Menkaure (D:4)
  Edmund (D:4)
  A water moccasin (Lair:1)
  An acid dragon (D:11)
  4 orc warriors (Orc:1)
  2 sky beasts (D:7)
  An ice beast (D:7)
  A black bear (D:4)
  4 centaurs
  3 ogres
  A bullfrog (D:6)
  A kobold brigand (D:7)
  12 wights
  A scorpion (D:6)
  13 killer bees
  8 howler monkeys
  2 gnoll boudas
  A bombardier beetle (D:2)
  5 orc priests
  7 hounds
  Jessica (D:3)
  3 sleepcaps
  2 iguanas
  6 orc wizards
  A spriggan simulacrum (Lair:1)
  6 gnolls
  5 adders
  2 shadow imps
  A white imp (D:6)
  An ufetubus (D:5)
  4 ribbon worms
  23 orcs
  2 bats
  8 endoplasms
  2 giant cockroaches
  4 goblins
  3 hobgoblins
  4 jackals (D:4)
  12 kobolds
  A quokka (D:3)
  5 ball pythons
  2 frilled lizards (D:1)
  7 rats
  A butterfly (Lair:1)
  A fulminant prism (Orc:1)
215 creatures vanquished.

Vanquished Creatures (collateral kills)
  A manticore (D:11)
1 creature vanquished.

Vanquished Creatures (others)
  2 scorpions
  A killer bee (D:7)
  25 jellies
  A bombardier beetle (D:4)
  A hound (D:6)
  An iguana (D:4)
  2 gnolls (D:7)
  2 adders (D:4)
  A white imp (D:5)
  An ufetubus (D:5)
  A ribbon worm (D:4)
  2 dart slugs (D:4)
  3 orcs
  2 endoplasms
  A giant cockroach (D:3)
  A goblin (D:4)
  A hobgoblin (D:3)
  A kobold (D:4)
  17 fulminant prisms
66 creatures vanquished.

Grand Total: 282 creatures vanquished

Notes
Turn   | Place    | Note
-------+----------+-------------------------------------------
     0 | D:1      | jasper the Deep Elf Alchemist began the quest for the Orb.
     0 | D:1      | Reached XP level 1. HP: 10/10 MP: 6/6
   220 | D:1      | Reached XP level 2. HP: 15/15 MP: 2/8
  1052 | D:2      | Reached XP level 3. HP: 19/19 MP: 8/10
  1056 | D:2      | Learned a level 3 spell: Mephitic Cloud
  1379 | D:2      | Reached XP level 4. HP: 14/24 MP: 6/12
  1384 | D:2      | Learned a level 4 spell: Olgreb's Toxic Radiance
  1931 | D:2      | Found a runed translucent door.
  1933 | D:2      | Noticed Crazy Yiuf
  2050 | D:3      | Reached skill level 3 in Dodging
  2118 | D:3      | Noticed Grinder
  2140 | D:4      | Reached skill level 1 in Fighting
  2147 | D:4      | Reached XP level 5. HP: 12/29 MP: 4/14
  2154 | D:4      | Reached skill level 5 in Spellcasting
  2164 | D:4      | Learned a level 4 spell: Sticky Flame
  2234 | D:4      | Found a staircase to the Ecumenical Temple.
  2265 | Temple   | Entered the Ecumenical Temple
  2284 | Temple   | Became a worshipper of Jiyva Jihefuw the Shapeless
  2429 | D:4      | Reached skill level 1 in Fire Magic
  2623 | D:4      | Noticed Edmund
  2641 | D:4      | Killed Edmund
  2642 | D:4      | Reached skill level 4 in Dodging
  2642 | D:4      | Reached XP level 6. HP: 32/35 MP: 7/15
  2652 | D:4      | Identified the +7 trident of Plunder {freeze, rC+ rCorr
                  | Int+6}
  2731 | D:4      | Reached XP level 7. HP: 40/40 MP: 1/16
  2742 | D:4      | Noticed Menkaure
  2746 | D:4      | Killed Menkaure
  2747 | D:4      | Reached skill level 5 in Dodging
  2868 | D:4      | Identified the +8 mace "Ciqyth" {venom, Will+}
  3302 | D:3      | Found a hide-covered altar of Uskayaw.
  3368 | D:3      | Reached * piety under Jiyva
  3537 | D:3      | Found a stormy altar of Qazlal.
  3554 | D:3      | Found a blossoming altar of Fedhas.
  3655 | D:3      | Found a snail-covered altar of Cheibriados.
  3675 | D:3      | Noticed Jessica
  3679 | D:3      | Killed Jessica
  3847 | D:5      | Entered Level 5 of the Dungeon
  3969 | D:5      | Learned a level 4 spell: Fulminant Prism
  4021 | D:5      | Reached skill level 6 in Dodging
  4072 | D:5      | Reached XP level 8. HP: 42/47 MP: 13/17
  4100 | D:5      | Found a glowing silver altar of Zin.
  4100 | D:5      | Found a basalt altar of Yredelemnul.
  4100 | D:5      | Found an ornate altar of the Wu Jian Council.
  4125 | D:5      | Reached ** piety under Jiyva
  4297 | D:5      | Noticed Pikel
  4310 | D:5      | Killed Pikel
  4311 | D:5      | Reached skill level 5 in Conjurations
  4352 | D:5      | Found The Oracle's Delphic Readings.
  4359 | D:5      | Bought a scroll of enchant armour for 82 gold pieces
  4359 | D:5      | Bought a scroll of fear for 44 gold pieces
  4407 | D:6      | Reached skill level 7 in Dodging
  4513 | D:6      | Found a white marble altar of Elyvilon.
  4689 | D:6      | Reached skill level 5 in Fighting
  4692 | D:6      | Reached skill level 8 in Dodging
  4692 | D:6      | Reached XP level 9. HP: 54/54 MP: 8/18
  4882 | D:6      | Reached *** piety under Jiyva
  5228 | D:6      | Found a glowing golden altar of the Shining One.
  5563 | D:7      | Gained mutation: You have sharp toenails. [Jiyva's grace]
  5563 | D:7      | Gained mutation: You have razor-sharp toenails. [Jiyva's
                  | grace]
  5563 | D:7      | Gained mutation: You have claws for feet. [Jiyva's grace]
  5563 | D:7      | Gained mutation: Your melee attacks may engulf your foes in
                  | ooze. [Jiyva's grace]
  5833 | D:7      | Found Pashil's General Store.
  5853 | D:7      | Reached skill level 9 in Dodging
  6007 | D:7      | Reached **** piety under Jiyva
  6188 | D:8      | Found Wuungot's Antique Armour Boutique.
  6203 | D:8      | Noticed Erica
  6214 | D:8      | Killed Erica
  6215 | D:8      | Reached skill level 10 in Dodging
  6236 | D:8      | Reached XP level 10. HP: 56/63 MP: 2/19
  6352 | D:8      | Reached skill level 11 in Dodging
  6483 | D:8      | Noticed Amaemon
  6483 | D:8      | Noticed an orange demon
  6491 | D:8      | Noticed Psyche
  6494 | D:8      | Killed an orange demon
  6500 | D:8      | Killed Psyche
  6510 | D:8      | Killed Amaemon
  6605 | D:8      | Found a sacrificial altar of Ru.
  6606 | D:8      | Found a hazy altar of Hepliaklqana.
  6625 | D:8      | Reached skill level 12 in Dodging
  7049 | D:9      | Reached ***** piety under Jiyva
  7227 | D:9      | Lost mutation: Your melee attacks may engulf your foes in
                  | ooze. [Jiyva's grace]
  7227 | D:9      | Gained mutation: You have a small jelly attached to you
                  | that senses nearby items. [Jiyva's grace]
  7227 | D:9      | Gained mutation: You expend magic power (3 MP) to
                  | strengthen your wands. [Jiyva's grace]
  7227 | D:9      | Gained mutation: You have a somewhat thin skeletal
                  | structure. (Dex +2, Stealth+) [Jiyva's grace]
  7227 | D:9      | Gained mutation: You have a moderately thin skeletal
                  | structure. (Dex +4, Stealth++) [Jiyva's grace]
  7394 | D:9      | Found a radiant altar of Vehumet.
  7557 | D:10     | Entered Level 10 of the Dungeon
  7706 | D:10     | Reached skill level 13 in Dodging
  7707 | D:10     | Reached XP level 11. HP: 71/71 MP: 20/20
  7889 | D:10     | Found a shadowy altar of Dithmenos.
  7928 | D:10     | Found a staircase to the Orcish Mines.
  8200 | D:11     | Reached ****** piety under Jiyva
  8205 | D:11     | Found a transporter.
  8208 | D:11     | Found Meudesa's General Store.
  8214 | D:11     | Noticed a two-headed ogre
  8236 | D:11     | Killed a two-headed ogre
  8263 | D:11     | Learned a level 6 spell: Plasma Beam
  8354 | D:11     | Noticed a cyan ugly thing
  8361 | D:11     | Killed a cyan ugly thing
  8362 | D:11     | Reached skill level 1 in Air Magic
  8439 | D:11     | Found Zociesch's Weapon Shoppe.
  8575 | D:11     | Noticed a skeletal warrior
  8616 | Orc:1    | Entered Level 1 of the Orcish Mines
  8623 | Orc:1    | Noticed an orc warlord
  8629 | Orc:1    | Reached skill level 5 in Fire Magic
  8719 | D:11     | Found Xywintom's Assorted Antiques.
  8724 | D:11     | Bought a wavering steel ring for 155 gold pieces
  8724 | D:11     | Identified the ring of Lady Luck {rPois MP+9 Stlth+} (You
                  | bought it in a shop on level 11 of the Dungeon)
  8724 | D:11     | Bought a scroll labelled PETTED QIOZ for 31 gold pieces
  8893 | D:11     | Noticed a two-headed ogre
  8901 | D:11     | Killed a two-headed ogre
  9035 | D:11     | Lost mutation: You have a moderately thin skeletal
                  | structure. (Dex +4, Stealth++) [Jiyva's grace]
  9035 | D:11     | Lost mutation: You have a small jelly attached to you that
                  | senses nearby items. [Jiyva's grace]
  9035 | D:11     | Gained mutation: You have a pair of small horns on your
                  | head. [Jiyva's grace]
  9035 | D:11     | Gained mutation: You have a pair of horns on your head.
                  | [Jiyva's grace]
  9035 | D:11     | Gained mutation: You have a pair of large horns on your
                  | head. [Jiyva's grace]
  9035 | D:11     | Gained mutation: You have a moderately thin skeletal
                  | structure. (Dex +4, Stealth++) [Jiyva's grace]
  9070 | D:11     | Found Townid's Jewellery Shoppe.
  9209 | D:11     | Killed a skeletal warrior
  9273 | D:11     | Found a staircase to the Lair.
  9275 | D:11     | Found a transporter.
  9323 | Lair:1   | Entered Level 1 of the Lair of Beasts
  9336 | Lair:1   | Noticed a bog body
  9352 | Lair:1   | Killed a bog body
  9384 | Lair:1   | Reached skill level 5 in Air Magic
  9522 | Lair:1   | Constricted to death by a naga simulacrum

Illustrated notes

Levels and vault maps discovered:
D:1:      lightli_arrival_statue_moat, layout_basic
D:2:      layout_loops_ring, serial_aquarium, aquarium_bridge_square
          [aquarium_subvault_bridge, aquarium_subvault_window,
          aquarium_subvault_window, aquarium_subvault_window],
          aquarium_window_fake, aquarium_window_2, aquarium_view_2b,
          aquarium_pool_2, uniq_crazy_yiuf_cottage
D:3:      layout_loops_ring, grunt_temple_overflow_forces_of_nature,
          mainiacjoe_overflow_alcove_1, lemuel_crystal_altar, uniq_grinder,
          uniq_jessica
D:4:      layout_loops_cross, minmay_temple_entry_stoned_glass,
          minmay_misc_feat_chi, minmay_fractal_squares_5, uniq_menkaure,
          uniq_edmund
D:5:      layout_basic, gammafunk_temple_overflow_claw,
          nicolae_nh_oracle_at_delphi, uniq_pikel
D:6:      layout_loops_corners, nicolae_elyvilon_peaceful_grove,
          tso_oasis_becter
D:7:      layout_loops_corners, serial_shops, nicolae_shop_tiny_real_fake_doors
D:8:      layout_basic, mainiacjoe_overflow_divided_tiny, serial_shops, shop,
          minivault_25, kennysheep_pointless_box, uniq_erica, uniq_psyche,
          uniq_amaemon
D:9:      layout_roguey, vehumet_crystals, dk_vineyard_3
D:10:     nicolae_cairo_tiling_large_dashed, layout_loops_ring,
          nicolae_overflow_hidden_temple
D:11:     layout_gridville, lair_entry_dummy, serial_shops,
          nicolae_shop_back_alley_shop, kennysheep_little_box, shop,
          nicolae_shop_drivethru, minmay_microvault
Temple:   pf_slimified_temple
Lair:1:   dreamdust_isle_of_ice, layout_layer_cave,
          hellmonk_guarded_unrand_seven_league_boots, lemuel_fruit_fields,
          infiniplex_staircase_pool, serial_bayou_shore_b
Orc:1:    layout_diamond_mine

Skill      XL: |  1  2  3  4  5  6  7  8  9 10 11 |
---------------+----------------------------------+-----
Spellcasting   | 4 5 7 |  7.0
Alchemy        | 4 |  4.0
Dodging        | 3 4 6 8 10 13 | 13.0
Stealth        | 3 |  3.7
Fighting       | 1 2 3 5 7 9 |  9.1
Conjurations   | 2 5 |  5.0
Fire Magic     | 2 3 4 7 |  7.5
Air Magic      | 5 |  5.4

Action                     |  1- 3 |  4- 6 |  7- 9 | 10-12 || total
---------------------------+-------+-------+-------+-------++-------
  Melee: Short sword       |     5 |     2 |       |       ||     7
         Mace              |       |    12 |       |       ||    12
         Trident           |       |     1 |    84 |   102 ||   187
         Kick              |       |       |     9 |    29 ||    38
         Punch             |       |       |       |     3 ||     3
         Headbutt          |       |       |       |     4 ||     4
   Cast: Sting             |    49 |    30 |     7 |     7 ||    93
         Olgreb's Toxic Ra |       |     9 |    42 |    39 ||    90
         Mephitic Cloud    |       |     2 |     3 |     8 ||    13
         Sticky Flame      |       |     1 |    13 |    27 ||    41
         Fulminant Prism   |       |       |     2 |    16 ||    18
  Evoke: Wand              |       |       |     1 |     1 ||     2
    Use: Potion            |       |     1 |       |     1 ||     2
         Scroll            |       |       |     8 |     5 ||    13
   Stab: Distracted        |     1 |       |       |       ||     1
         Sleeping          |       |       |     3 |     1 ||     4
 Armour: Robe              |     3 |    15 |    33 |    73 ||   124
  Dodge: Dodged            |     3 |    15 |    75 |   152 ||   245
